 Dungeon Crawl Stone Soup version 0.23.2-1-ga50397a (webtiles) character file.

Game seed: 7289428311286432827

61 schauveau the Shooter (level 3, -1/29 HPs)
             Began as a Centaur Hunter on May 2, 2019.
             Slain by an ooze (4 damage)
             ... on level 3 of the Dungeon.
             The game lasted 00:01:48 (859 turns).

schauveau the Shooter (Centaur Hunter)               Turns: 859, Time: 00:01:49

Health: -1/29      AC:  4    Str: 14    XL:     3   Next: 83%
Magic:  3/3        EV:  9    Int: 10    God:
Gold:   100        SH:  0    Dex: 10    Spells: 2/2 levels left

rFire    . . .     SeeInvis .   a - +1 shortbow
rCold    . . .     Gourm    .   (shield currently unavailable)
rNeg     . . .     Faith    .   c - +0 leather armour
rPois    .         Spirit   .   (no helmet)
rElec    .         Reflect  .   (no cloak)
rCorr    .         Harm     .   (no gloves)
MR       .....                  (no barding)
Stlth    +.........             (no amulet)
HPRegen  0.09/turn              (no ring)
MPRegen  0.08/turn              (no ring)

@: very quick
A: large, hooves 3, deformed body, speed 2, tough skin 3
a: no special abilities


You were on level 3 of the Dungeon.
You were not hungry.

You visited 1 branch of the dungeon, and saw 3 of its levels.

You collected 100 gold pieces.

Inventory:

Hand Weapons
 a - a +1 shortbow (weapon)
 b - a +0 short sword of flaming
 e - a +0 short sword
Missiles
 d - 29 arrows (quivered)
Armour
 c - a +0 leather armour (worn)
Scrolls
 g - a scroll of remove curse {unknown}
 h - 2 scrolls of amnesia {unknown}
 i - a scroll of teleportation {unknown}
 j - a scroll of identify {unknown}
 n - a scroll of fog {unknown}
Potions
 k - 2 potions of curing
 m - a potion of degeneration {unknown}
 o - a potion of heal wounds {unknown}
Comestibles
 f - 2 rations
 l - 2 chunks of flesh


   Skills:
 - Level 2.0 Fighting
 - Level 0.3 Short Blades
 * Level 7.2 Bows
 - Level 1.3 Dodging
 - Level 0.4 Stealth


You had 2 spell levels left.
You didn't know any spells.
Your spell library was empty.

Dungeon Overview and Level Annotations

Branches:
Dungeon (3/15)

Altars:


Innate Abilities, Weirdness & Mutations

You have hooves in place of feet.
Armour fits poorly on your strangely shaped body.
You cover ground very quickly.
You have extremely tough skin. (AC +3)


Message History

The jackal bites you.
* * * LOW HITPOINT WARNING * * *
The ooze barely misses you.
Firing (i - inventory)
d - 31 arrows (quivered)
Press: ? - help, Shift-Dir - straight line, f/p - jackal
Aim: a jackal (severely wounded)
You shoot an arrow. The arrow hits the jackal!
You kill the jackal!
The hobgoblin hits you but does no damage.
The ooze hits you but does no damage.
A quokka comes into view.
Firing (i - inventory)
d - 30 arrows (quivered)
Press: ? - help, Shift-Dir - straight line, f - hobgoblin
Aim: a hobgoblin, wielding a +0 club You shoot an arrow.
The arrow hits the hobgoblin!
You kill the hobgoblin!
The leopard gecko bites you.
* * * LOW HITPOINT WARNING * * *
The ooze hits you.
You die...

#..........#
#....r!..#
##........##
#......g>..#
#..........#
#..........#
#......(...#
#.....(lJ..#
##.....@..##
##......##
########


You could see an ooze, a leopard gecko, a quokka and a hobgoblin.

Vanquished Creatures
  An adder (D:2)
  An ooze (D:2)
  4 dart slugs (D:1)
  A leopard gecko (D:1)
  6 bats
  4 giant cockroaches
  5 goblins
  5 hobgoblins
  A jackal (D:3)
  3 frilled lizards
  4 kobolds
  A rat (D:2)
36 creatures vanquished.

Vanquished Creatures (others)
  A rat (D:1)
1 creature vanquished.

Grand Total: 37 creatures vanquished

Notes
Turn   | Place    | Note
-------+----------+-------------------------------------------
     0 | D:1      | schauveau the Centaur Hunter began the quest for the Orb.
     0 | D:1      | Reached XP level 1. HP: 17/17 MP: 1/1
   117 | D:1      | Reached skill level 6 in Bows
   117 | D:1      | Reached XP level 2. HP: 18/24 MP: 2/2
   352 | D:1      | Reached XP level 3. HP: 17/29 MP: 3/3
   733 | D:2      | Reached skill level 7 in Bows
   859 | D:3      | Slain by an ooze

Skill      XL: |  1  2  3 |
---------------+----------+-----
Bows           | 6 7 |  7.2
Fighting       | |  2.0
Short Blades   | |  0.3
Dodging        | |  1.3
Stealth        | |  0.4

Action                   || total
-------------------------++-------
Melee: Short sword       ||   109
       Kick              ||    19
 Fire: Shortbow          ||    20
  Use: Potion            ||     2
Armor: Leather armour    ||    59
Dodge: Dodged            ||    74
